 Dungeon Crawl Stone Soup version 0.31.0-9-g3a7656b989 (webtiles) character file.

Game seed: 10075143715860071069

137 qw the Shooter (level 5, -3/26 HPs)
             Began as a Spriggan Hunter on Feb 2, 2024.
             Slain by a gnoll
             ... wielding a +0 spear
              (4 damage)
             ... on level 4 of the Dungeon.
             The game lasted 00:00:08 (2512 turns).

qw the Shooter (Spriggan Hunter)                    Turns: 2512, Time: 00:00:08

Health: -3/26      AC:  4    Str:  7    XL:     5   Next: 0%
Magic:  6/6        EV: 20    Int: 11    God:
Gold:   42         SH:  0    Dex: 20    Spells: 4/4 levels left

rFire   . . .        a - +0 shortbow
rCold   . . .        (shield currently unavailable)
rNeg    . . .        c - +0 robe
rPois   .            (helmet restricted)
rElec   .            b - +1 cloak
rCorr   .            (gloves unavailable)
SInv    +            (boots unavailable)
Will    .....        (no amulet)
Stlth   ++           (no ring)
HPRegen 0.24/turn    (no ring)
MPRegen 0.10/turn

%: no passive effects
@: very quick
A: very small, no large weapons, unfitting armour, see invisible, speed 3
a: no special abilities


You were on level 4 of the Dungeon.
You visited 1 branch of the dungeon, and saw 4 of its levels.

You collected 126 gold pieces.
You spent 84 gold pieces at shops.


Innate Abilities, Weirdness & Mutations

You are very small and have problems with some larger weapons.
You are too small for most types of armour.
You have supernaturally acute eyesight. (SInv)
You cover ground extremely quickly. (Speed+++)


   Skills:
 - Level 2.0 Fighting
 + Level 5.2 Ranged Weapons
 - Level 5.0 Dodging
 - Level 1.5 Stealth


You had 4 spell levels left.
You didn't know any spells.
Your spell library was empty.

Inventory:

Hand Weapons
 a - a +0 shortbow (weapon)
Armour
 b - a +1 cloak (worn)
 c - a +0 robe (worn)
Potions
 d - a potion of might {unknown}
 h - a potion of cancellation

Dungeon Overview and Level Annotations

Branches:
Dungeon (4/15)
 Temple: D:4-7

Altars:

Shops:
D:3 ?


Message History

Your Fighting skill increases to level 2!
You shoot an arrow. The arrow hits the gnoll.
The gnoll is heavily wounded.
The gnoll hits you with a +0 whip. The gnoll misses you.
You shoot an arrow. The arrow hits the gnoll.
The gnoll is severely wounded.
The gnoll hits you from afar with a +0 halberd!
The gnoll completely misses you.
You shoot an arrow. The arrow hits the gnoll!
You kill the gnoll!
The gnoll hits you from afar with a +0 halberd.
You shoot an arrow. The arrow hits the gnoll.
The gnoll is moderately wounded.
The gnoll closely misses you.
You shoot an arrow. The arrow hits the gnoll.
The gnoll is severely wounded.
The gnoll misses you.
You shoot an arrow. The arrow hits the gnoll!
You kill the gnoll!
The gnoll misses you. The gnoll barely misses you.
You have reached level 5!
You feel clever.
You shoot an arrow. The arrow hits the gnoll.
The gnoll is lightly wounded.
The gnoll completely misses you.
You shoot an arrow. The arrow closely misses the gnoll.
The gnoll barely misses you.
You shoot an arrow.
The arrow hits the gnoll but does no damage.
The gnoll is lightly wounded.
The gnoll completely misses you.
You shoot an arrow. The arrow hits the gnoll.
The gnoll is heavily wounded.
The gnoll closely misses you.
You shoot an arrow. The arrow barely misses the gnoll.
The gnoll misses you.
You shoot an arrow. The arrow barely misses the gnoll.
The gnoll hits you from afar with a +0 spear.
You shoot an arrow. The arrow barely misses the gnoll.
The gnoll hits you from afar with a +0 spear.
You die...

# ### ##### #.
##.#####...###..
##..##..#....#...
.......#.).....#
####..#....##.....
##.##..#....#...#..
#..#......####..##.
#.@...##.## #.....
#.)####### ##....
##g) #.<## #...
#..## ###.. .....#
#.. ........ .##
........ . ........
.<.....


You could see a gnoll.

Vanquished Creatures
  3 gnolls (D:4)
  4 adders
  A shadow imp (D:4)
  4 ribbon worms
  2 dart slugs (D:1)
  An orc (D:3)
  An endoplasm (D:2)
  2 giant cockroaches (D:2)
  7 goblins
  3 hobgoblins
  5 jackals
  2 quokkas
  2 ball pythons
  3 bats
  2 frilled lizards
  6 kobolds
  5 rats
53 creatures vanquished.

Notes
Turn   | Place    | Note
-------+----------+-------------------------------------------
     0 | D:1      | qw the Spriggan Hunter began the quest for the Orb.
     0 | D:1      | Reached XP level 1. HP: 10/10 MP: 2/2
     0 | D:1      | 0 ||| qw: Version: 0.3-a-155-g5e7d8dd
     0 | D:1      | 0 ||| qw: Game counter: 237
     0 | D:1      | 0 ||| qw: Melee chars always use a shield: true
     0 | D:1      | 0 ||| qw: God list: Okawaru
     0 | D:1      | 0 ||| qw: Allow faded altars: false
     0 | D:1      | 0 ||| qw: Do Orc after clearing Dungeon:15 true
     0 | D:1      | 0 ||| qw: Do second Lair branch before Depths: true
     0 | D:1      | 0 ||| qw: Lair rune preference: random
     0 | D:1      | 0 ||| qw: Goals: Normal
     0 | D:1      | 0 ||| PLANNING D:1-11
    58 | D:1      | Reached skill level 3 in Dodging
   138 | D:1      | Reached XP level 2. HP: 14/14 MP: 3/3
   873 | D:1      | 873 ||| READING scroll labelled HOXZUIV TO ERGH.
   873 | D:1      | 873 ||| IDENTIFYING metallic puce potion
   874 | D:1      | 874 ||| DROPPING scroll of butterflies.
  1050 | D:2      | HP: 3/14 [ribbon worm (2)]
  1051 | D:2      | 1051 ||| DRINKING potion of heal wounds.
  1059 | D:2      | Reached XP level 3. HP: 14/18 MP: 4/4
  1537 | D:2      | Reached XP level 4. HP: 22/22 MP: 5/5
  1788 | D:2      | 1788 ||| UPGRADING to +0 cloak.
  1793 | D:2      | 1793 ||| READING 2 scrolls of identify.
  1793 | D:2      | 1793 ||| IDENTIFYING cyan potion
  1794 | D:2      | 1794 ||| READING scroll of identify.
  1794 | D:2      | 1794 ||| IDENTIFYING 2 fizzy grey potions
  1795 | D:2      | 1795 ||| READING scroll labelled QOUGUH ZATE.
  1796 | D:2      | 1796 ||| READING scroll labelled QACUSS VUDIAFF.
  1797 | D:2      | 1797 ||| READING scroll labelled NANWUI OCKU.
  1837 | D:2      | 1837 ||| DRINKING 2 clear potions.
  1838 | D:2      | 1838 ||| DROPPING 2 potions of brilliance.
  1839 | D:2      | 1839 ||| DROPPING potion of magic.
  2009 | D:3      | Found Jiruekk's Magic Scroll Boutique.
  2012 | D:3      | 2012 ||| BUYING scroll of identify (28 gold).
  2012 | D:3      | Bought a scroll of identify for 28 gold pieces
  2012 | D:3      | 2012 ||| BUYING scroll of identify (28 gold).
  2012 | D:3      | Bought a scroll of identify for 28 gold pieces
  2012 | D:3      | 2012 ||| BUYING scroll of identify (28 gold).
  2012 | D:3      | Bought a scroll of identify for 28 gold pieces
  2012 | D:3      | 2012 ||| SHOPLISTING scroll of identify (28 gold, have 22).
  2012 | D:3      | 2012 ||| SHOPLISTING scroll of teleportation (42 gold, have
                  | 22).
  2441 | D:3      | 2441 ||| READING 3 scrolls of identify.
  2441 | D:3      | 2441 ||| IDENTIFYING yellow potion
  2442 | D:3      | 2442 ||| READING 2 scrolls of identify.
  2442 | D:3      | 2442 ||| IDENTIFYING scroll labelled WUYDUL JIMICY
  2443 | D:3      | 2443 ||| READING scroll of identify.
  2443 | D:3      | 2443 ||| IDENTIFYING scroll labelled MUT PA RAG
  2444 | D:3      | 2444 ||| READING scroll of enchant armour.
  2444 | D:3      | 2444 ||| ENCHANTING +0 cloak.
  2445 | D:3      | 2445 ||| DROPPING scroll of fear.
  2446 | D:3      | 2446 ||| DROPPING potion of degeneration.
  2502 | D:4      | HP: 4/23 [gnoll/+0 halberd (4)]
  2506 | D:4      | Reached XP level 5. HP: 5/26 MP: 6/6
  2511 | D:4      | HP: 1/26 [gnoll/+0 spear (6)]
  2512 | D:4      | Slain by a gnoll

Levels and vault maps discovered:
D:1:      roadster_arrival_rocket_small, layout_basic
D:2:      layout_loops_corners
D:3:      layout_basic, serial_shops, shop
D:4:      layout_cave_pools

Skill      XL: |  1  2  3  4 |
---------------+-------------+-----
Dodging        | 3 4 5 |  5.0
Ranged Weapons | 5 |  5.2
Fighting       | 2 |  2.0
Stealth        | |  1.5

Action                     |  1- 3 |  4- 6 || total
---------------------------+-------+-------++-------
   Fire: Shortbow          |   121 |    54 ||   175
    Use: Scroll            |     1 |     9 ||    10
         Potion            |     1 |     1 ||     2
 Armour: Robe              |    16 |     6 ||    22
  Dodge: Dodged            |    42 |    18 ||    60

Table legend:
 A = Non-vault XP
 B = Vault XP
 C = Vault XP percentage of total XP
 D = Non-vault monster count
 E = Vault monster count
 F = Vault count percentage of total count
                 A         B        C        D         E       F
            +---------+---------+-------+---------+---------+-------
      Total |     196 |       0 |   0.0 |      53 |       0 |   0.0
            +---------+---------+-------+---------+---------+-------
        D:1 |      32 |       0 |   0.0 |      17 |       0 |   0.0
        D:2 |      76 |       0 |   0.0 |      22 |       0 |   0.0
        D:3 |      32 |       0 |   0.0 |       9 |       0 |   0.0
        D:4 |      56 |       0 |   0.0 |       5 |       0 |   0.0
            +---------+---------+-------+---------+---------+-------
